 Dungeon Crawl Stone Soup version 0.32-a0-968-g61e5eb5241 (webtiles) character file.

Game seed: 14582107105343233341

46 Malachi the Ducker (level 3, -2/28 HPs)
             Began as a Demonspawn Gladiator on Feb 7, 2024.
             Slain by a gnoll
             ... wielding a +0 whip
              (8 damage)
             ... on level 2 of the Dungeon on Apr 18, 2024.
             The game lasted 00:01:56 (1210 turns).

Malachi the Ducker (Demonspawn Gladiator)           Turns: 1210, Time: 00:01:56

Health: -2/28      AC: 10    Str: 14    XL:     3   Next: 46%
Magic:  3/3        EV:  6    Int:  8    God:
Gold:   19         SH:  0    Dex: 16    Spells: 2/2 levels left

rFire   . . .        a - +0 long sword
rCold   . . .        (no shield)
rNeg    . . .        i - +0 chain mail
rPois   .            (helmet restricted)
rElec   .            l - +0 cloak
rCorr   .            f - +0 pair of gloves
SInv    .            (no boots)
Will    .....        (no amulet) Stlth
                     (no ring)
HPRegen 0.24/turn    (no ring)
MPRegen 0.08/turn

%: no passive effects
@: no status effects
A: horns 1
a: no special abilities


You were on level 2 of the Dungeon.
You visited 1 branch of the dungeon, and saw 2 of its levels.

You collected 19 gold pieces.

Inventory:

Hand Weapons
 a - a +0 long sword (weapon)
Missiles
 d - 3 throwing nets (quivered)
 e - a javelin
 k - 4 silver javelins
Armour
 f - a +0 pair of gloves (worn)
 i - a +0 chain mail (worn)
 l - a +0 cloak (worn)
Jewellery
 m - a +4 ring of protection
 t - an amulet of the acrobat
Scrolls
 c - 2 scrolls of blinking {unknown}
 h - a scroll of poison {unknown}
 j - a scroll of fog {unknown}
 n - a scroll of amnesia {unknown}
 o - a scroll of torment {unknown}
 r - a scroll of identify {unknown}
 s - a scroll of immolation {unknown}
Potions
 b - a potion of curing
 g - a potion of ambrosia {unknown}
 p - a potion of might {unknown}
 q - a potion of degeneration {unknown}


   Skills:
 + Level 2.5 Fighting
 + Level 3.1 Long Blades
 + Level 2.3 Throwing
 + Level 3.1 Dodging


You had 2 spell levels left.
You didn't know any spells.
Your spell library contained the following spells:

 Spells                   Type           Power      Damage    Failure   Level
 Vhi's Electric Charge    Tloc/Air       0%         N/A       100%        4
 Arcjolt                  Conj/Air       0%         1d10      100%        5
 Plasma Beam              Fire/Air       0%         2x1d10    100%        6


Dungeon Overview and Level Annotations

Branches:
Dungeon (2/15)

Altars:


Innate Abilities, Weirdness & Mutations

You have a pair of small horns on your head.


Message History

A gnoll comes into view. It is wielding a +0 halberd.
You hear a shout!
You hear an angry hiss.
You have reached level 3!
Your experience leads to an increase in your attributes!
Increase (S)trength, (I)ntelligence, or (D)exterity?
You feel agile. x2 2 gnolls come into view.
The gnoll shouts! x2
The gnoll misses you.
You see here a +0 spear.
You hit the gnoll.
The gnoll is lightly wounded.
A frilled lizard comes into view.
You slash the gnoll!
The gnoll is almost dead.
The gnoll hits you with a +0 halberd.
You are too injured to fight recklessly!
It was a potion of curing.
You feel better. The gnoll hits you with a +0 flail!
The gnoll hits you but does no damage.
You closely miss the gnoll. You headbutt the gnoll.
You kill the gnoll!
The gnoll closely misses you. The gnoll hits you but does no damage.
You slash the gnoll!
The gnoll is severely wounded.
You hit the gnoll but do no damage. Your headbutt misses the gnoll.
The gnoll is severely wounded.
The gnoll hits you with a +0 flail.
* * * LOW HITPOINT WARNING * * *
You hit the gnoll but do no damage.
The gnoll is severely wounded.
The gnoll hits you but does no damage. x2
You hit the gnoll but do no damage.
The gnoll is severely wounded.
The gnoll closely misses you. The gnoll barely misses you.
You barely miss the gnoll.
The gnoll is severely wounded.
The gnoll hits you with a +0 flail.
* * * LOW HITPOINT WARNING * * *
The gnoll hits you with a +0 whip!
You die...

#########
.....lgg#
#@#
#####.#
#.....#
#.#####
#.# #.#
#.# #.#
#.#


You could see 2 gnolls and a frilled lizard.

Vanquished Creatures
  3 gnolls
  A ball python (D:1)
  A bat (D:1)
  2 endoplasms (D:1)
  2 goblins (D:1)
  4 hobgoblins (D:1)
  2 kobolds
  2 rats
17 creatures vanquished.

Notes
Turn   | Place    | Note
-------+----------+-------------------------------------------
     0 | D:1      | Malachi the Demonspawn Gladiator began the quest for the
                  | Orb.
     0 | D:1      | Reached XP level 1. HP: 16/16 MP: 1/1
   165 | D:1      | Upgraded the game from 0.32-a0-126-g9fbf7fb75a to
                  | 0.32-a0-968-g61e5eb5241
   304 | D:1      | Gained mutation: You have a pair of small horns on your
                  | head. [demonic ancestry]
   304 | D:1      | Reached XP level 2. HP: 4/22 MP: 2/2
  1201 | D:2      | Reached XP level 3. HP: 16/28 MP: 3/3
  1210 | D:2      | Slain by a gnoll

Illustrated notes

Levels and vault maps discovered:
D:1:      eino_arrival_cavern_d, layout_loops_corners
D:2:      minmay_door_path, layout_basic, uniq_jessica, uniq_natasha,
          uniq_terence

Skill      XL: |  1  2 |
---------------+-------+-----
Throwing       | 2 |  2.3
Dodging        | 3 |  3.1
Long Blades    | 3 |  3.1
Fighting       | |  2.5

Action                     || total
---------------------------++-------
  Melee: Long sword        ||    39
         Headbutt          ||     4
    Use: Potion            ||     1
 Armour: Chain mail        ||    37
  Dodge: Dodged            ||    10

Table legend: (Time is in decaauts)
 A = Elapsed time spent in this place.
 B = Non-inter-level travel time spent in this place.
 C = Inter-level travel time spent in this place.
 D = Time resting spent in this place.
 E = Time spent auto-exploring this place.
 F = Levels seen in this place.
 G = Mean time per level.
                   A        B        C        D        E       F      G
               +--------+--------+--------+--------+--------+-----+--------+
         Total |   1219 |   1124 |     95 |      0 |    969 |   2 |  609.5 |
       Dungeon |   1219 |   1124 |     95 |      0 |    969 |   2 |  609.5 |
               +--------+--------+--------+--------+--------+-----+--------+

Top non-repeatable levels by time:
     D:1: 1061 daAuts
     D:2: 157 daAuts
